 Dungeon Crawl Stone Soup version 0.19.1 (webtiles) character file.

84 balthal the Caller (level 4, -1/35 HPs)
             Began as a Hill Orc Summoner on Dec 15, 2016.
             Was an Initiate of Qazlal.
             Slain by a leopard gecko (5 damage)
             ... on level 3 of the Dungeon.
             The game lasted 00:11:30 (3239 turns).

balthal the Caller (Hill Orc Summoner)              Turns: 3239, Time: 00:11:30

Health: -1/35      AC:  2    Str: 10    XL:     4   Next: 46%
Magic:  2/7        EV: 12    Int: 16    God:    Qazlal [......]
Gold:   55         SH:  0    Dex: 11    Spells: 2 memorised, 4 levels left

rFire  . . .     SeeInvis .     k - +5 club
rCold  . . .     Gourm    .     a - +0 robe
rNeg   . . .     Faith    .     (no shield)
rPois  .         Spirit   .     (no helmet)
rElec  .         Reflect  .     (no cloak)
rCorr  .         Harm     .     (no gloves)
MR     .....                    (no boots)
Stlth  +.........               (no amulet)
                                (no ring)
                                (no ring)

@: no status effects
A: no striking features
a: Renounce Religion


You were on level 3 of the Dungeon.
You worshipped Qazlal.
Qazlal was noncommittal.
You were not hungry.

You visited 1 branch of the dungeon, and saw 3 of its levels.

You collected 55 gold pieces.

Inventory:

Hand Weapons
 c - a +0 rapier
 e - a +0 dagger
 k - a +5 club (weapon)
Missiles
 h - 5 needles of frenzy
Armour
 a - a +0 robe (worn)
Scrolls
 f - 2 scrolls of fear {unknown}
 g - 2 scrolls of remove curse {unknown}
 i - 3 scrolls of random uselessness {unknown}
 j - a scroll of fog {unknown}
 n - a scroll of amnesia {unknown}
Books
 b - a book of Callings

   Spells                             Type                      Level
   a - Summon Small Mammal            Summoning                    1
   b - Call Imp                       Summoning                    2
   c - Call Canine Familiar           Summoning                    3
   d - Summon Guardian Golem          Hexes/Summoning              3
   e - Summon Lightning Spire         Summoning/Air                4
   f - Summon Ice Beast               Ice/Summoning                4


   Skills:
 + Level 1.0 Fighting
 + Level 1.1 Short Blades
 * Level 0.2 Maces & Flails
 + Level 1.9 Dodging
 + Level 1.8 Stealth
 + Level 2.2 Spellcasting
 + Level 4.6 Summonings


You had 4 spell levels left.
You knew the following spells:

 Your Spells              Type           Power        Failure   Level  Hunger
a - Summon Small Mammal   Summ           ###.         3%          1    #......
b - Call Imp              Summ           ###.....     6%          2    ###....


Dungeon Overview and Level Annotations

Branches:
Dungeon (3/15)

Altars:
Ashenzari
Qazlal

Portals:
Sewer: D:3


Message History

You see here a giant cockroach corpse.
You swap places.
You hear the slow rusting of a drain.
You see here a leopard gecko corpse.
You enter the shallow water.
Moving in this stuff is going to be slow.
A leopard gecko comes into view.
The leopard gecko hisses angrily.
Your crimson imp blinks!
The leopard gecko bites you. x2
* * * LOW HITPOINT WARNING * * *
Your unstable footing causes you to fumble your attack.
The leopard gecko bites you.
* * * LOW HITPOINT WARNING * * *
Your unstable footing causes you to fumble your attack.
The leopard gecko bites you.
* * * LOW HITPOINT WARNING * * *
Your crimson imp blinks!
The leopard gecko bites you.
You die...

.#..# #...# #≈≈≈#
#≈≈≈# #≈≈≈# #≈≈≈#
#≈∩l#.## #≈r@#..
#≈≈5#.. . #≈≈≈#.##
... #≈≈5#..#
....#...#..# #
.......††..####.#
....#.5.†.......##
.!.....)..........
###.#..###..###.#


You could see a leopard gecko, 2 friendly crimson imps, a friendly white imp and
a friendly quokka.

Vanquished Creatures
  An adder (D:2)
  2 leopard geckos
  2 giant cockroaches
  2 goblins
  3 hobgoblins
  3 kobolds
  A bat (D:1)
  4 frilled lizards
  4 rats
22 creatures vanquished.

Vanquished Creatures (collateral kills)
  Jessica (D:3)
  2 adders (D:2)
  A gnoll (D:1)
  A worm (D:2)
  A leopard gecko (D:2)
  An orc (D:3)
  2 giant cockroaches (D:3)
  5 hobgoblins (D:1)
  2 jackals (D:1)
  4 kobolds (D:1)
  A quokka (D:2)
  A ball python (D:2)
  4 bats (D:1)
  A frilled lizard (D:2)
  8 goblins
  A rat (D:1)
36 creatures vanquished.

Grand Total: 58 creatures vanquished

Notes
Turn   | Place    | Note
-------+----------+-------------------------------------------
     0 | D:1      | balthal the Hill Orc Summoner began the quest for the Orb.
     0 | D:1      | Reached XP level 1. HP: 14/14 MP: 3/3
   570 | D:1      | Reached XP level 2. HP: 20/20 MP: 0/4
   574 | D:1      | Learned a level 2 spell: Call Imp
  1023 | D:1      | Reached XP level 3. HP: 26/26 MP: 5/5
  2347 | D:2      | Found a faded altar of an unknown god.
  2347 | D:2      | Found a stormy altar of Qazlal.
  2517 | D:2      | Found a faded altar of an unknown god.
  2520 | D:2      | Became a worshipper of Qazlal Stormbringer
  2523 | D:2      | Found a faded altar of an unknown god.
  2525 | D:2      | Found a faded altar of an unknown god.
  2598 | D:2      | Found a shattered altar of Ashenzari.
  2639 | D:2      | Reached XP level 4. HP: 33/34 MP: 5/7
  3137 | D:3      | Noticed Jessica
  3142 | D:3      | Killed Jessica
  3142 | D:3      | Reached skill level 1 in Fighting
  3142 | D:3      | Reached skill level 1 in Short Blades
  3220 | D:3      | Found a glowing drain.
  3239 | D:3      | Slain by a leopard gecko

Skill      XL: |  1  2  3  4 |
---------------+-------------+-----
Spellcasting   | 2 |  2.2
Fighting       | 1 |  1.0
Short Blades   | 1 |  1.1
Maces & Flails | |  0.2
Dodging        | |  1.9
Stealth        | |  1.8
Summonings     | |  4.6

Action                   |  1- 3 |  4- 6 || total
-------------------------+-------+-------++-------
Melee: Dagger            |   114 |     2 ||   116
       Club              |       |     8 ||     8
 Cast: Summon Small Mamm |    24 |     2 ||    26
       Call Imp          |    23 |    10 ||    33
  Use: Potion            |     1 |     3 ||     4
       Scroll            |       |     2 ||     2
 Stab: Sleeping          |     3 |       ||     3
       Distracted        |       |     1 ||     1
  Eat: Chunk             |     1 |       ||     1
       Bread ration      |     2 |       ||     2
       Beef jerky        |     1 |       ||     1
Armor: Robe              |    36 |     5 ||    41
       Skin              |       |     2 ||     2
Dodge: Dodged            |   127 |    16 ||   143
